 Dungeon Crawl Stone Soup version 0.29.1-15-g9cfb28693d (webtiles) character file.

Game seed: 8508659456154633433

11 zeram the Trooper (level 2, 0/26 HPs)
             Began as a Draconian Fighter on Mar 18, 2023.
             Frozen to death by an endoplasm (3 damage)
             ... on level 1 of the Dungeon.
             The game lasted 00:00:38 (86 turns).

zeram the Trooper (Draconian Fighter)                 Turns: 86, Time: 00:00:38

Health: 0/26       AC:  4    Str: 18    XL:     2   Next: 17%
Magic:  2/2        EV: 12    Int:  8    God:
Gold:   41         SH:  4    Dex: 10    Spells: 1/1 levels left

rFire   . . .      SeeInvis .   a - +0 trident
rCold   . . .      Faith    .   b - +0 buckler
rNeg    . . .      Spirit   .   (body armour unavailable)
rPois   .          Reflect  .   (helmet restricted)
rElec   .          Harm     .   (no cloak)
rCorr   .          Rampage  .   (no gloves)
Will    .....                   (no boots)
Stlth   +.........              (no amulet)
HPRegen 0.08/turn               (no ring)
MPRegen 0.08/turn               (no ring)

@: slowed, very slow
A: AC +4, unfitting armour, cold-blooded
a: no special abilities


You were on level 1 of the Dungeon.
You visited 1 branch of the dungeon, and saw 1 of its levels.

You collected 41 gold pieces.

Inventory:

Hand Weapons
 a - a +0 trident (weapon)
Armour
 b - a +0 buckler (worn)
Potions
 c - a potion of might
 e - a potion of haste {unknown}


   Skills:
 + Level 3.5 Fighting
 + Level 2.1 Polearms
 + Level 2.9 Dodging
 + Level 3.2 Shields


You had one spell level left.
You didn't know any spells.
Your spell library was empty.

Dungeon Overview and Level Annotations

Branches:
Dungeon (1/15)

Altars:


Innate Abilities, Weirdness & Mutations

Your plain brown scales are hard. (AC +4)
You cannot fit into any form of body armour.
You are cold-blooded and may be slowed by cold attacks.


Message History

The ball python bites you. The ball python barely misses you.
You barely miss the ball python. The ball python bites you.
The ball python closely misses you.
A kobold comes into view. It is wielding a +0 whip.
The ball python bites you but does no damage.
The ball python grabs you. The ball python constricts you.
The kobold shouts!
You puncture the ball python!
You kill the ball python!
You hit the goblin.
You kill the goblin!
Things that are here:
a +0 club; a goblin corpse The kobold misses you.
An endoplasm comes into view.
The kobold hits you with a +0 whip.
A kobold comes into view. It is wielding a +0 club.
You barely miss the kobold. The kobold misses you.
A kobold comes into view. It is wielding a +0 club.
A ball python comes into view.
The ball python hisses angrily.
You hit the kobold.
Your tail-slap misses the kobold.
The kobold is heavily wounded.
The kobold closely misses you. The kobold barely misses you.
You hit the kobold.
You kill the kobold!
The kobold hits you with a +0 club.
* * * LOW HITPOINT WARNING * * *
The kobold closely misses you. The endoplasm freezes you.
You are frozen.
* * * LOW HITPOINT WARNING * * *
You feel yourself slow down.
Things that are here:
a +0 whip; a kobold corpse The kobold closely misses you.
The kobold attacks as you move away! The kobold hits you but does no damage.
The endoplasm freezes you.
You are frozen.
You die...

#$ .......... #.##
...)...... #
..###.......... ..
#####.#......##.... ....
..............#....
....## #...............
......####.......)......
........K..........).###
#....@JK..............
##.#.##S......?.....##
#..).#........##...
#..###.............
#..............##..
...###..........###.
#... #..........##..
#..# #...........†.. #..
#.........)...)


You could see an endoplasm, a ball python and 2 kobolds.

Vanquished Creatures
  A ball python (D:1)
  An endoplasm (D:1)
  3 goblins (D:1)
  A kobold (D:1)
  2 quokkas (D:1)
  A frilled lizard (D:1)
  2 rats (D:1)
11 creatures vanquished.

Vanquished Creatures (others)
  3 plants (D:1)
3 creatures vanquished.

Grand Total: 14 creatures vanquished

Notes
Turn   | Place    | Note
-------+----------+-------------------------------------------
     0 | D:1      | zeram the Draconian Fighter began the quest for the Orb.
     0 | D:1      | Reached XP level 1. HP: 19/19 MP: 1/1
    67 | D:1      | Reached XP level 2. HP: 12/26 MP: 2/2
    86 | D:1      | Frozen to death by an endoplasm

Illustrated notes

Levels and vault maps discovered:
D:1:      spicycebolla_arrival_clurvy, layout_rooms

Action                   || total
-------------------------++-------
Melee: Trident           ||    27
       Tailslap          ||     3
  Use: Scroll            ||     1
Armor: Skin              ||     3
Dodge: Dodged            ||    18
Block: Buckler           ||     3
